 Dungeon Crawl Stone Soup version 0.30-a0-779-g7971cf19c3 (webtiles) character file.

Game seed: 11294961059652638866

35 sanka the Digger (level 3, 19/19 HPs)
             Began as a Kobold Earth Elementalist on Feb 17, 2023.
             Was a Follower of Lugonu.
             Quit the game on level 2 of the Dungeon.
             The game lasted 00:01:16 (1525 turns).

sanka the Digger (Kobold Earth Elementalist)        Turns: 1525, Time: 00:01:17

Health: 19/19      AC:  2    Str:  5    XL:     3   Next: 55%
Magic:  6/6        EV: 15    Int: 18    God:    Lugonu [*.....]
Gold:   32         SH:  0    Dex: 15    Spells: 5/6 levels left

rFire   . . .      SeeInvis .    (weapon restricted)
rCold   . . .      Faith    .    (no shield)
rNeg    . . .      Spirit   .    a - +0 robe
rPois   .          Reflect  .    (no helmet)
rElec   .          Harm     .    (no cloak)
rCorr   .          Rampage  .    (no gloves)
Will    .....                    (no boots)
Stlth   +++                      (no amulet)
HPRegen 0.23/turn                (no ring)
MPRegen 0.10/turn                (no ring)

@: no status effects
A: small, no large weapons, nightstalker 3
a: Renounce Religion, Depart the Abyss


You were on level 2 of the Dungeon.
You worshipped Lugonu.
Lugonu was aware of your devotion.
You visited 1 branch of the dungeon, and saw 2 of its levels.

You collected 32 gold pieces.


Innate Abilities, Weirdness & Mutations

You are small and have problems with some larger weapons.
You are completely attuned to the shadows.


   Skills:
 - Level 2.4 Dodging
 - Level 2.6 Stealth
 - Level 2.1 Spellcasting
 - Level 1.0 Transmutations
 + Level 4.3 Earth Magic


You had 5 spell levels left.
You knew the following spells:

 Your Spells              Type           Power      Damage    Failure   Level
z - Sandblast             Erth           34%        2d9       3%          1

Your spell library contained the following spells:

 Spells                   Type           Power      Damage    Failure   Level
 Passwall                 Tmut/Erth      9%         N/A       9%          2
 Stone Arrow              Conj/Erth      18%        3d8       22%         3
 Petrify                  Tmut/Erth      11%        N/A       52%         4

Inventory:

Armour
 a - a +0 robe (worn)
 e - a +1 pair of boots
Scrolls
 c - a scroll of identify {unknown}
 d - a scroll of blinking {unknown}
Potions
 b - a potion of magic
 f - 2 potions of lignification {unknown}
 g - a potion of haste {unknown}

Dungeon Overview and Level Annotations

Branches:
Dungeon (2/15)

Altars:
Lugonu

...▒▒▒....▒ ▒▒▒
..........▒ ▒..
.......▒..▒
▒▒▒▒▒.▒
.▒▒▒.▒▒▒..▒ P..
▒.<
P...f..▒..▒▒▒▒▒
▒.. f
f▒P▒f▒.▒....▒.▒
▒▒▒
..f......▒......▒
▒▒P▒▒▒.▒▒▒.....▒▒
...fK.PP.▒.....▒
▒▒.▒▒▒.▒▒▒....▒▒
.[P......▒.▒.▒▒ .
.▒f▒f▒P▒.▒.▒
.S..P..▒ ▒.▒
.▒▒▒.▒▒▒ ▒.▒ ..
▒.▒ ▒.▒ ▒.▒


There were no monsters in sight!


Message History

There is a stone staircase leading down here.
You climb downwards.
There is a stone staircase leading up here.
Unknown command.
A ball python comes into view.
The blast of sand hits the ball python.
You kill the ball python!
Magic restored.
Found a stone staircase leading down.
There is a stone staircase leading down here.
Found a stone staircase leading up.
There is a stone staircase leading up here.
Found a smoky white potion.
Found 8 gold pieces.
g - a smoky white potion You now have 32 gold pieces (gained 8).
A frilled lizard comes into view.
A frilled lizard is nearby!
The blast of sand hits the frilled lizard!
You kill the frilled lizard!
Found a faded altar of an unknown god.
An adder comes into view.
An adder is nearby!
Found a twisted scale mail.
There is a faded altar of an unknown god here.
This altar belongs to (a) Ru, (b) Lugonu or (c) Vehumet, but you can't tell which.
Press the corresponding letter to learn more about a god, or press enter to convert or escape to cancel.
Lugonu accepts your prayer! Lugonu welcomes you!
You can now depart the Abyss.
Are you sure you want to abandon this character and quit the game? (Confirm with "yes".)

Action                     || total
---------------------------++-------
  Melee: Unarmed           ||     5
   Cast: Sandblast         ||    36
   Stab: Sleeping          ||     1
 Armour: Robe              ||     3
  Dodge: Dodged            ||    13

Levels and vault maps discovered:
D:1:      dpeg_arrival_prison, layout_basic, roderic_roman_lattice
D:2:      layout_loops_ring, shapermc_ecumenical_altar_mp_urbaneastern,
          serial_aquarium, aquarium_bridge_square [aquarium_subvault_wall,
          aquarium_subvault_bridge, aquarium_subvault_bridge,
          aquarium_subvault_bridge], aquarium_window_2, aquarium_window_1,
          aquarium_window_fake, aquarium_window_1, aquarium_view_2e,
          aquarium_pool_split, kennysheep_generic_room_4

Notes
Turn   | Place    | Note
-------+----------+-------------------------------------------
     0 | D:1      | sanka the Kobold Earth Elementalist began the quest for the
                  | Orb.
     0 | D:1      | Reached XP level 1. HP: 10/10 MP: 3/3
   149 | D:1      | Reached XP level 2. HP: 15/15 MP: 0/5
   611 | D:1      | Reached skill level 4 in Earth Magic
   611 | D:1      | Reached XP level 3. HP: 19/19 MP: 1/6
  1514 | D:2      | Found a faded altar of an unknown god.
  1524 | D:2      | Prayed at the altar of an unknown god.
  1524 | D:2      | Became a worshipper of Lugonu the Unformed
  1524 | D:2      | Reached * piety under Lugonu
  1525 | D:2      | Quit the game

Vanquished Creatures
  5 bats (D:1)
  3 endoplasms (D:1)
  4 giant cockroaches (D:1)
  4 goblins (D:1)
  3 jackals (D:1)
  A kobold (D:1)
  A quokka (D:1)
  4 ball pythons
  A frilled lizard (D:2)
  3 rats (D:1)
29 creatures vanquished.
